Map: Catalyst LE

Players

ElaisHjjaElz

  • Race: Zerg Zerg
  • League: Gold
  • Spawn Location: 5:00

Juxtapose - Winner!

  • Race: Protoss Protoss
  • League: Platinum
  • Spawn Location: 11:00

VOD

https://youtu.be/PBAnlp29a04

Description

This is actually my first time facing Zerg as Protoss this Season, and my opponent hits me with a Twelve Pool, which I was not expecting.

Still, outside of one instance where I didn't keep my "gatekeeper" in position, I'm quite pleased with how I played this match.

Time

  • Played on: Feb. 22, 2018, 8:53 p.m.
  • Length: 8:13
Show
View Real Time Build Order
Export as new Build Order

ElaisHjjaElz Zerg 

Build Orders: Pool First 

Get SALT Encoding   

  12  0:18  Spawning Pool  
  11  0:22  Drone  
  11  0:26  Drone  
  13  0:32  Drone  
  14  0:37  Extractor  
  14  0:40  Drone  
  14  0:49  Overlord  
  14  1:08  Zergling x4  
  16  1:17  Zergling x2  
  17  1:21  Queen  
  19  1:28  Zergling x2  
  20  1:39  Zergling x2  
  21  1:49  Overlord  
  21  1:55  Metabolic Boost  
  21  2:02  Zergling x2  
  20  2:18  Zergling x2  
  20  2:21  Zergling x2  
  22  2:36  Zergling x6  
  24  2:43  Zergling x2  
  25  2:46  Baneling Nest  
  24  2:53  Zergling x2  
  25  3:01  Zergling x2  
  26  3:11  Zergling x6  
  29  3:18  Evolution Chamber  
  28  3:20  Zergling x2  
  29  3:31  Zergling x2  
  29  3:34  Baneling x6  
  30  3:38  Baneling  
  30  3:48  Overlord  
  18  4:43  Zergling x2  
  18  4:44  Zergling x10  
  22  4:56  Hatchery  
  16  5:07  Drone x2  
  17  5:16  Drone x2  
  19  5:22  Drone  
  18  5:56  Zergling x4  
  18  5:57  Zergling x8  
  19  6:08  Spore Crawler  
  18  6:11  Drone  
  18  6:14  Drone  
  20  6:23  Zergling x2  
  21  6:26  Drone  
  21  6:32  Drone  
  23  6:35  Drone  
  18  6:51  Zergling x2  
  18  6:52  Zergling x4  
  18  6:53  Drone  
  18  6:54  Drone  
  22  7:03  Zergling x2  
  22  7:05  Zergling x2  
  24  7:09  Zergling x2  
  25  7:15  Zergling x2  
  25  7:17  Zergling x2  
  20  7:38  Spine Crawler  
  20  7:40  Spine Crawler  
  18  7:45  Spine Crawler  
  18  7:48  Zergling x4  
Show
View Real Time Build Order
Export as new Build Order

Juxtapose Protoss - Winner!

Build Orders: Oracle Opening 

Get SALT Encoding   

  12  0:01  Probe  
  13  0:13  Probe  
  14  0:22  Pylon  
  14  0:25  Probe  
  15  0:40  Probe  
  15  0:42  Gateway  
  16  0:52  Probe  
  16  0:53  Assimilator  
  17  1:04  Pylon  
  17  1:09  Probe  
  18  1:21  Probe  
  19  1:33  Cybernetics Core, Probe  
  19  1:35  Zealot  
  22  1:45  Probe  
  22  1:46  Assimilator  
  23  2:04  Pylon  
  23  2:11  Zealot (Chrono Boost)  
  25  2:20  Gateway  
  25  2:26  Shield Battery  
  23  2:37  Zealot (Chrono Boost)  
  23  2:42  Probe  
  26  2:53  Stargate  
  26  2:54  Probe  
  26  2:58  Warp Gate  
  27  3:01  Zealot (Chrono Boost)  
  29  3:23  Pylon  
  29  3:30  Twilight Council  
  29  3:34  Zealot  
  29  3:35  Zealot  
  29  3:40  Oracle  
  36  3:52  Gateway  
  36  4:08  Stalker  
  38  4:21  Stalker  
  38  4:24  Pylon  
  38  4:26  Pylon  
  34  4:39  Probe  
  34  4:52  Probe  
  35  5:04  Probe, Zealot x2  
  40  5:16  Probe  
  41  5:27  Templar Archives  
  41  5:30  Probe  
  41  5:34  Charge (Chrono Boost)  
  42  5:42  Probe  
  41  6:01  Probe  
  42  6:09  Zealot  
  44  6:13  Probe  
  45  6:21  Stalker  
  45  6:22  Stalker  
  49  6:57  Zealot  
  49  6:59  Stalker  
  53  7:11  Nexus  
  53  7:16  Pylon  
  53  7:19  Pylon  
  53  7:21  Zealot  
  55  7:47  Stalker  
  55  7:48  Stalker  
Tags
 
Add a new tag
Caveats
  • Supply blocks, unpowered buildings, or Contaminate may cause inaccurate times.
  • Supply counts are checked every 10 seconds.